 Seeded DCSS version 0.30-a0-385-gfebfb9b408 (webtiles) character file.

Game seed: 20221201 (custom seed)

53561 flotson the Fighter (level 14, -18/99 HPs)
             Began as a Demonspawn Delver on Dec 1, 2022.
             Was a High Priest of Hepliaklqana.
             Demolished by an enormous slime creature (48 damage)
             ... on level 12 of the Dungeon on Dec 3, 2022.
             The game lasted 00:34:28 (16975 turns).

flotson the Fighter (Demonspawn Delver)            Turns: 16975, Time: 00:34:28

Health: -18/99     AC: 13    Str: 17    XL:     14   Next: 31%
Magic:  20/20      EV: 18    Int: 12    God:    Hepliaklqana [*****.]
Gold:   1903       SH:  9    Dex: 15    Spells: 13/13 levels left

rFire   + . .      SeeInvis .    a - +8 whip "Snakebite" {venom, curare, rPois}
rCold   . . .      Faith    .    I - +0 kite shield
rNeg    . . .      Spirit   .    P - +1 ring mail {rF+}
rPois   +          Reflect  .    (no helmet)
rElec   .          Harm     .    (cloak unavailable)
rCorr   .          Rampage  .    B - +0 pair of gloves
Will    +....                    p - +1 pair of boots
Stlth   ++........               l - amulet of regeneration
HPRegen 1.16/turn                d - ring of poison resistance
MPRegen 0.17/turn                Z - +4 ring of slaying

@: mighty, agile
A: reduced essence, molten scales 1, ignite blood 3, powered by pain 1, weakness
stinger 3
a: Renounce Religion, Recall Ancestor, Ancestor Identity, Transference, Idealise


You were on level 12 of the Dungeon.
You worshipped Hepliaklqana.
Hepliaklqana was extremely pleased with you.
You visited 3 branches of the dungeon, and saw 18 of its levels.
You also visited: Sewer.

You collected 1903 gold pieces.

Inventory:

Hand Weapons
 a - the +8 whip "Snakebite" (weapon) {venom, curare, rPois}
   (You found it on level 1 of the Lair of Beasts)

   It poisons the flesh of those it strikes.
   It occasionally inflicts asphyxiating poison on those it strikes, dealing
   poison damage and causing slowness.
   rPois:     It protects you from poison.
Missiles
 N - 9 curare-tipped darts (quivered)
 R - 6 throwing nets
 S - 4 boomerangs
 X - 8 atropa-tipped darts
Armour
 p - a +1 pair of boots (worn)
 B - a +0 pair of gloves (worn)
 I - a +0 kite shield (worn)
 P - a +1 ring mail of fire resistance (worn)
Jewellery
 d - a ring of poison resistance (left hand)
 l - an amulet of regeneration (around neck)
 o - a +4 ring of protection
 x - an amulet of the acrobat
 K - a ring of protection from fire
 L - a ring of resist corrosion
 M - a ring of protection from cold
 Z - a +4 ring of slaying (right hand)
Wands
 g - a wand of digging (3)
 i - a wand of flame (21)
 r - a wand of charming (13)
 E - a wand of polymorph (24)
 O - a wand of quicksilver (15)
 T - a wand of roots (12)
Scrolls
 b - 4 scrolls of noise {unknown}
 c - a scroll of fog
 f - 4 scrolls of fear
 n - 6 scrolls of poison
 q - 4 scrolls of magic mapping
 s - 5 scrolls of blinking
 u - 2 scrolls of amnesia {unknown}
 w - 4 scrolls of immolation {unknown}
 z - 3 scrolls of acquirement {unknown}
 A - a scroll of brand weapon {unknown}
 C - a scroll of silence {unknown}
 D - 2 scrolls of enchant armour {unknown}
 J - 10 scrolls of teleportation
 Q - 2 scrolls of summoning {unknown}
 U - 3 scrolls of vulnerability {unknown}
 W - 4 scrolls of butterflies
Potions
 e - 4 potions of might
 h - 7 potions of heal wounds
 j - 6 potions of haste
 k - a potion of flight
 m - 10 potions of curing
 v - 3 potions of resistance
 y - 3 potions of berserk rage
 F - 2 potions of attraction
 G - a potion of lignification
 H - 3 potions of cancellation
 V - a potion of ambrosia {unknown}
Miscellaneous
 t - a condenser vane
 Y - a tin of tremorstones (2/2)


   Skills:
 + Level 10.4 Fighting
 * Level 7.2 Maces & Flails
 - Level 6.0 Polearms
 - Level 5.1 Ranged Weapons
 + Level 7.3 Throwing
 + Level 9.1 Armour
 + Level 9.3 Dodging
 - Level 5.0 Stealth
 + Level 4.9 Shields
 - Level 8.0 Invocations
 + Level 9.9 Evocations


You had 13 spell levels left.
You didn't know any spells.
Your spell library contained the following spells:

 Spells                   Type           Power      Damage    Failure   Level
 Magic Dart               Conj           0%         1d3       83%         1
 Call Imp                 Summ           0%         N/A       93%         2
 Mephitic Cloud           Conj/Pois/Air  0%         N/A       99%         3
 Summon Guardian Golem    Hex/Summ       0%         N/A       99%         3
 Summon Ice Beast         Ice/Summ       0%         N/A       100%        4
 Summon Mana Viper        Hex/Summ       0%         N/A       100%        5
 Yara's Violent Unravell  Hex/Tmut       0%         3d3       100%        5
 Enfeeble                 Hex            0%         N/A       100%        7
 Monstrous Menagerie      Summ           0%         N/A       100%        7
 Orb of Destruction       Conj           0%         9d5       100%        7
 Spellforged Servitor     Conj/Summ      0%         N/A       100%        7


Dungeon Overview and Level Annotations

Branches:
Dungeon (12/15)            Temple (1/1) D:7            Lair (5/5) D:10
 Shoals (0/4) Lair:3        Snake (0/4) Lair:3        Slime (0/5) Lair:4
    Orc (0/2) D:9           Sewer (visited)

Altars:
Ashenzari
Dithmenos
Fedhas
Gozag
Hepliaklqana
Kikubaaqudgha
Makhleb
Nemelex Xobeh
Qazlal
Ru
Sif Muna
Trog
Uskayaw
Vehumet
Wu Jian
Xom
Yredelemnul
Jiyva

Shops:
D:1 *   D:2 (

Annotations:
D:6 2 transporters, SleepySteel's ghost, novice DECj
D:10 2 transporters, exclusion: obsidian statue, tonyyikes's ghost, novice DsTm
D:12 Maurice
Lair:4 1 runed translucent door


Innate Abilities, Weirdness & Mutations

Your life essence is reduced to manifest your ancestor. (-10% HP)
You are partially covered in molten scales. (AC +2)
Your demonic aura causes all spilled blood to erupt in flames.
You sometimes gain a little power by taking damage.
You have a sharp stinger which inflicts weakening toxins.


Message History

Maurice closely misses you.
The shadow slips into darkness.
The shadow flickers and vanishes!
Deactivating autopickup; reactivate with Ctrl-A.
Maurice misses you. The troll closely misses you.
The troll completely misses you. The troll claws you.
You hit something but do no damage.
Your tail-slap misses something.
Maurice zaps a wand.
The puff of flame hits you. You resist. The troll completely misses you.
The troll misses you. The troll claws you!
The shadow strikes at you from the darkness!
Reactivating autopickup.
Maurice attacks as you move away! Maurice hits you but does no damage.
Maurice drinks a potion.
Maurice seems to speed up.
You block the troll's attack. x3; The shadow completely misses you.
The enormous slime creature attacks as you move away!
The enormous slime creature hits you!!
You focus on the pain.
You feel very mighty all of a sudden.
The enormous slime creature is engulfed in blazing flames.
You block the shadow's attack. The troll attacks as you move away!
You block the troll's attack. The troll completely misses you.
You block the troll's attack.
The enormous slime creature is no longer weakened.
Maurice mumbles some strange words.
Maurice flickers and vanishes!
Deactivating autopickup; reactivate with Ctrl-A.
The enormous slime creature is engulfed in blazing flames.
The troll attacks as you move away! You block the troll's attack. x3
The enormous slime creature is engulfed in blazing flames.
You block the troll's attack. The troll closely misses you. x2
The sentinel's mark upon you fades away.
The enormous slime creature attacks as you move away!
The enormous slime creature completely misses you.
The shadow attacks as you move away! The shadow hits you!
* * * LOW HITPOINT WARNING * * *
The enormous slime creature is engulfed in blazing flames.
The shadow slips into darkness.
The shadow flickers and vanishes!
The enormous slime creature attacks as you move away!
The enormous slime creature hits you!!!
You die...

#....... #......#
#########.....)# . ##
..............). ..##.
...........)))# ......
###........).##
..<...####............#
..................#...#
.......@.........##..##
...#....J{......####.#
#####.§T....## ###
###....## #.....#
##.....## # #.......##
#. #.....°..## #.
#......##.## ..


You could see an enormous slime creature and a troll.

Vanquished Creatures
  A hydra (Lair:3)
  Harold (Lair:2)
  A catoblepas (Lair:5)
  2 boulder beetles (Lair:3)
  11 death yaks
  2 two-headed ogres
  An oklob plant (Lair:5)
  A wolf spider (D:11)
  A cyclops (D:11)
  2 manticores (Lair:5)
  5 elephants
  2 merfolk sirens (Lair:3)
  6 black mambas
  Maggie (D:6)
  3 kobold demonologists
  9 cane toads
  4 rime drakes
  5 komodo dragons
  An unseen horror (D:10)
  8 trolls
  2 merfolk (Lair:3)
  2 hornets
  3 polar bears
  7 blink frogs (Lair:4)
  A slime creature (D:12)
  2 shadows (D:10)
  2 wraiths (D:10)
  2 wyverns (D:10)
  41 yaks
  4 basilisks
  2 vampire mosquitoes (D:10)
  2 steam dragons
  2 nagas (Lair:3)
  An acid dragon (D:11)
  14 water moccasins
  4 black bears
  3 orc warriors
  4 ogres (D:12)
  A sky beast (D:8)
  4 wolves (Lair:3)
  2 centaurs
  A phantom (D:6)
  11 kobold brigands
  A necrophage (D:6)
  15 bullfrogs
  3 scorpions
  10 killer bees
  2 howler monkeys (D:7)
  4 electric eels (D:10)
  2 hounds
  11 orc priests
  A gnoll bouda (D:7)
  2 jellies (D:6)
  Jessica (D:2)
  10 orc wizards
  2 iguanas
  5 hell rats (Lair:3)
  7 gnolls
  7 adders
  4 river rats (Sewer)
  A shadow imp (D:6)
  2 white imps
  An ufetubus (D:5)
  3 worms
  3 dart slugs
  34 orcs
  11 ball pythons
  4 endoplasms
  14 giant cockroaches
  9 goblins
  11 hobgoblins
  A jackal (Sewer)
  38 kobolds
  4 bats
  9 frilled lizards
  3 rats
419 creatures vanquished.

Vanquished Creatures (collateral kills)
  Snorg (Lair:3)
  2 catoblepae (Lair:5)
  2 two-headed ogres
  2 death yaks
  Lodul (D:12)
  An oklob plant (D:10)
  A black mamba (Lair:1)
  A gargoyle (D:11)
  3 elephants (Lair:4)
  A torpor snail (Lair:4)
  3 cane toads
  3 komodo dragons
  An unseen horror (D:10)
  A hornet (D:10)
  A blink frog (Lair:4)
  7 yaks
  A wraith (D:10)
  A naga (Lair:3)
  3 ogres (D:12)
  A wolf (Lair:3)
  A centaur (D:9)
  A kobold brigand (D:9)
  A bullfrog (Lair:4)
  2 killer bees (D:9)
  A howler monkey (D:11)
  11 kobolds
54 creatures vanquished.

Vanquished Creatures (others)
  6 battlemagi
  7 ancestors
  13 fungi
  50 plants
  3 withered plants (D:5)
79 creatures vanquished.

Grand Total: 552 creatures vanquished

Notes
Turn   | Place    | Note
-------+----------+-------------------------------------------
     0 | D:5      | flotson the Demonspawn Delver began the quest for the Orb.
     0 | D:5      | Reached XP level 1. HP: 18/18 MP: 1/1
    14 | D:5      | Noticed a bullfrog
    18 | D:5      | Noticed a scorpion
   156 | D:4      | Noticed an iguana
   334 | D:3      | Gained mutation: Your demonic aura sometimes causes spilled
                  | blood to erupt in flames. [demonic ancestry]
   334 | D:3      | Reached XP level 2. HP: 19/24 MP: 2/2
   611 | D:2      | Reached skill level 1 in Evocations
   735 | D:1      | Gained mutation: You are partially covered in molten
                  | scales. (AC +2) [demonic ancestry]
   735 | D:1      | Reached XP level 3. HP: 26/29 MP: 3/3
   799 | D:1      | Found Viczosh's Assorted Antiques.
   922 | D:1      | Reached skill level 1 in Armour
  1732 | D:2      | Noticed Jessica
  1740 | D:2      | Killed Jessica
  1741 | D:2      | Reached XP level 4. HP: 32/35 MP: 4/4
  1767 | D:2      | Found Zeuroe Edwi's Weapon Boutique.
  2070 | D:2      | Found a faded altar of an unknown god.
  2749 | D:3      | Reached skill level 5 in Stealth
  2918 | D:4      | Noticed a scorpion
  2929 | D:4      | Killed a scorpion
  2930 | D:4      | Gained mutation: You have a small tail. [demonic ancestry]
  2930 | D:4      | Reached XP level 5. HP: 42/42 MP: 5/5
  2960 | D:4      | Reached skill level 4 in Fighting
  3114 | D:4      | Noticed a black bear
  3127 | D:4      | Killed a black bear
  3128 | D:4      | Gained mutation: Your demonic aura often causes spilled
                  | blood to erupt in flames. [demonic ancestry]
  3128 | D:4      | Reached XP level 6. HP: 41/48 MP: 6/6
  4180 | D:5      | Found an ancient bone altar of Kikubaaqudgha.
  4192 | D:5      | Gained mutation: You have a tail ending in a sharp stinger.
                  | [demonic ancestry]
  4192 | D:5      | Reached XP level 7. HP: 46/55 MP: 7/7
  4247 | D:5      | Found a shimmering altar of Xom.
  4956 | D:6      | Found a glowing drain.
  4966 | Sewer    | Entered a sewer
  5117 | Sewer    | Reached skill level 5 in Fighting
  5759 | D:6      | Reached XP level 8. HP: 63/63 MP: 8/8
  5773 | D:6      | Noticed SleepySteel's ghost (novice DECj)
  5774 | D:6      | Found a transporter.
  5774 | D:6      | Noticed a hornet
  5808 | D:6      | Found a transporter.
  5835 | D:6      | Noticed Maggie
  5851 | D:6      | Killed Maggie
  5852 | D:6      | Reached skill level 6 in Fighting
  5852 | D:6      | Reached skill level 5 in Dodging
  6006 | D:6      | Reached skill level 5 in Evocations
  6052 | D:6      | Found a hide-covered altar of Uskayaw.
  6251 | D:7      | Reached skill level 5 in Armour
  6312 | D:7      | Gained mutation: You sometimes gain a little power by
                  | taking damage. [demonic ancestry]
  6312 | D:7      | Reached XP level 9. HP: 69/71 MP: 9/9
  6662 | D:7      | Found a staircase to the Ecumenical Temple.
  6670 | Temple   | Entered the Ecumenical Temple
  6786 | Temple   | Became a worshipper of Hepliaklqana the Forgotten
  6848 | D:7      | Reached skill level 1 in Invocations
  6882 | D:7      | Reached skill level 1 in Ranged Weapons
  6922 | D:7      | Reached skill level 1 in Throwing
  8239 | D:8      | Reached skill level 7 in Fighting
  8300 | D:9      | Found a staircase to the Orcish Mines.
  8348 | D:9      | Reached * piety under Hepliaklqana
  8349 | D:9      | Noticed a kobold demonologist
  8366 | D:9      | Noticed a red devil
  8369 | D:9      | Killed a kobold demonologist
  8468 | D:9      | Reached XP level 10. HP: 71/71 MP: 12/12
  8808 | D:9      | Found a burning altar of Makhleb.
  9121 | D:10     | Entered Level 10 of the Dungeon
  9121 | D:10     | Noticed tonyyikes's ghost (novice DsTm)
  9121 | D:10     | Noticed an ice dragon
  9121 | D:10     | Found a transporter.
  9134 | D:10     | Noticed a moth of wrath
  9151 | D:10     | Found a transporter.
  9212 | D:10     | Found a staircase to the Lair.
  9214 | D:10     | Noticed an oklob plant
  9417 | D:10     | Noticed a two-headed ogre
  9421 | D:10     | Killed a two-headed ogre
  9507 | D:10     | Reached skill level 5 in Invocations
  9530 | D:10     | Paralysed by a hornet for 2 turns
  9535 | D:10     | Gained mutation: Your demonic aura causes all spilled blood
                  | to erupt in flames. [demonic ancestry]
  9535 | D:10     | Reached XP level 11. HP: 23/77 MP: 13/15
  9563 | D:10     | Reached ** piety under Hepliaklqana
  9618 | D:10     | Reached skill level 8 in Fighting
  9618 | D:10     | Reached skill level 5 in Polearms
  9628 | D:10     | Found a broken altar of Ashenzari.
  9729 | D:10     | Noticed an obsidian statue
  9892 | D:10     | Upgraded the game from 0.30-a0-377-g5cb311bc9f to
                  | 0.30-a0-385-gfebfb9b408
  9932 | D:10     | Found an ornate altar of the Wu Jian Council.
  9989 | D:10     | Found a shimmering altar of Xom.
 10129 | D:10     | Noticed a two-headed ogre
 10132 | D:10     | Killed a two-headed ogre
 10361 | D:10     | Killed an oklob plant
 10869 | Lair:1   | Entered Level 1 of the Lair of Beasts
 11358 | Lair:1   | Reached XP level 12. HP: 66/84 MP: 17/17
 11486 | Lair:1   | Reached skill level 5 in Throwing
 11496 | Lair:1   | Reached skill level 5 in Ranged Weapons
 11579 | Lair:1   | Found the +8 whip "Snakebite" {venom, curare, rPois}
 12280 | Lair:2   | Reached *** piety under Hepliaklqana
 12386 | Lair:2   | Reached skill level 1 in Maces & Flails
 12394 | Lair:2   | Reached skill level 9 in Fighting
 12394 | Lair:2   | Reached skill level 1 in Shields
 12544 | Lair:2   | Noticed Harold
 12553 | Lair:2   | Killed Harold
 12637 | Lair:2   | Found a stormy altar of Qazlal.
 12933 | Lair:3   | Noticed a six-headed hydra
 12936 | Lair:3   | Noticed a boulder beetle
 12951 | Lair:3   | Found a staircase to the Shoals.
 13026 | Lair:3   | Remembered your ancestor Tlalli as a battlemage
 13044 | Lair:3   | Killed a six-headed hydra
 13074 | Lair:3   | Killed a boulder beetle
 13443 | Lair:3   | Found a staircase to the Snake Pit.
 13648 | Lair:3   | Noticed Snorg
 13657 | Lair:3   | Killed Snorg
 13661 | Lair:3   | Gained mutation: You have a sharp stinger which inflicts
                  | weakening toxins. [demonic ancestry]
 13661 | Lair:3   | Reached XP level 13. HP: 34/90 MP: 19/19
 13987 | Lair:4   | Found a runed translucent door.
 13988 | Lair:4   | Found a viscous altar of Jiyva.
 13989 | Lair:4   | Reached **** piety under Hepliaklqana
 13990 | Lair:4   | Found a staircase to the Slime Pits.
 13990 | Lair:4   | Noticed an acid blob
 14261 | Lair:4   | Reached skill level 5 in Maces & Flails
 14696 | Lair:5   | Entered Level 5 of the Lair of Beasts
 14859 | Lair:5   | Reached skill level 10 in Fighting
 14946 | Lair:5   | Reached ***** piety under Hepliaklqana
 15588 | Lair:5   | Reached XP level 14. HP: 75/99 MP: 20/20
 16840 | D:12     | Noticed Lodul
 16848 | D:12     | Killed Lodul
 16958 | D:12     | Noticed Maurice
 16975 | D:12     | Demolished by an enormous slime creature

Illustrated notes

Levels and vault maps discovered:
D:1:      mrwooster_arrival_statue, layout_loops_corners, serial_shops,
          nicolae_shop_crystal, dreamdust_wishing_well
D:2:      minmay_roachtagon, layout_basic, serial_shops,
          nicolae_shop_hallway_plus, hellmonk_ecumenical_altar_heavens_door,
          kennysheep_generic_room_4, uniq_jessica
D:3:      layout_basic
D:4:      layout_basic, chequers_serial_rivers_marsh
D:5:      layout_basic, mainiacjoe_overflow_paths, kiku_gazebo_garden_becter
D:6:      layout_rooms, mainiacjoe_overflow_tiny_flanked,
          cheibrodos_sewer_entry_drain, gammafunk_ghost_arena, uniq_maggie
D:7:      layout_basic, minmay_temple_entry_grid
D:8:      layout_rooms, minmay_misc_feat_pillars
D:9:      layout_gridville, lightli_temple_of_fire, david_orc_3
D:10:     minmay_the_grid_octo_tiled_squarecenter
          [minmay_the_grid_octo_tetromino_candy,
          minmay_the_grid_octo_fan_narrow, minmay_the_grid_octo_vomiting_pacman,
          minmay_the_grid_octo_clover,
          minmay_the_grid_square_5x5_megaprize_hollow,
          minmay_the_grid_square_5x5_shuriken, minmay_the_grid_square_5x5_forky,
          minmay_the_grid_square_5x5_two_small,
          minmay_the_grid_square_5x5_inner_i], layout_stronghold,
          nicolae_wu_jian_glorious_leap, dpeg_oklobed_lair,
          gammafunk_ghost_berserking_beasts, chequers_big_river, minivault_16
D:11:     layout_cave_pods
D:12:     layout_cave_pods, minmay_crystal_water, uniq_maurice, uniq_lodul
Temple:   bh_familiar_temple
Lair:1:   minmay_guarded_unrand_snakebite, layout_cave_pods, lemuel_fruit_tree
Lair:2:   layout_chaotic_city, basic_altar, minmay_holes, uniq_harold
Lair:3:   layout_loops_ring, elwin_shoals_entry_stream,
          guppyfry_snake_entry_garden, lemuel_old_faithful, grunt_megastairs_5,
          serial_bayou_shore_b, uniq_snorg
Lair:4:   layout_regular_city, slime_entry_2
Lair:5:   evilmike_catoblepas_cave, layout_regular_city

Skill      XL: |  1  2  3  4  5  6  7  8  9 10 11 12 13 14 |
---------------+-------------------------------------------+-----
Dodging        | 2 3 4 5 6 7 8 9 |  9.3
Evocations     | 1 2 3 4 5 6 7 8 9 |  9.9
Armour         | 1 2 3 5 6 7 8 9 |  9.1
Stealth        | 5 |  5.0
Fighting       | 4 5 6 7 8 9 10 | 10.4
Polearms       | 2 3 4 5 6 |  6.0
Invocations    | 3 5 7 8 |  8.0
Ranged Weapons | 2 3 4 5 |  5.1
Throwing       | 2 3 4 5 7 |  7.3
Maces & Flails | 3 6 7 |  7.2
Shields        | 2 4 |  4.9

Action                   |  1- 3 |  4- 6 |  7- 9 | 10-12 | 13-15 || total
-------------------------+-------+-------+-------+-------+-------++-------
Melee: Spear             |   174 |   218 |       |       |       ||   392
       Punch             |     1 |     1 |       |       |       ||     2
       Tailslap          |       |     9 |    46 |    51 |    59 ||   165
       Halberd           |       |    18 |   166 |       |       ||   184
       Glaive            |       |       |   228 |   271 |       ||   499
       Whip              |       |       |       |    83 |   239 ||   322
 Fire: Arbalest          |       |       |    46 |       |       ||    46
Throw: Dart              |       |       |    10 |     4 |       ||    14
Invok: Ancestor Life: Ba |       |       |       |     1 |       ||     1
Evoke: Wand              |       |       |       |    10 |     1 ||    11
  Use: Scroll            |     2 |       |       |    18 |     1 ||    21
       Potion            |     1 |       |       |     3 |     1 ||     5
 Stab: Sleeping          |     8 |     8 |     5 |    13 |       ||    34
       Distracted        |       |     1 |     1 |     3 |     3 ||     8
       Petrified         |       |       |       |       |     1 ||     1
Armor: Leather armour    |    26 |       |       |       |       ||    26
       Scale mail        |    21 |   104 |   109 |       |       ||   234
       Steam dragon scal |       |       |    67 |       |       ||    67
       Ring mail         |       |       |   107 |   164 |    62 ||   333
Dodge: Dodged            |    90 |   115 |   275 |   348 |    84 ||   912
Block: Kite shield       |       |       |       |    30 |    85 ||   115

Table legend: (Time is in decaauts)
 A = Elapsed time spent in this place.
 B = Non-inter-level travel time spent in this place.
 C = Inter-level travel time spent in this place.
 D = Time resting spent in this place.
 E = Time spent auto-exploring this place.
 F = Levels seen in this place.
 G = Mean time per level.
                   A        B        C        D        E       F      G
               +--------+--------+--------+--------+--------+-----+--------+
         Total |  17562 |  16646 |    916 |    367 |  12417 |  19 |  924.3 |
       Dungeon |  11327 |  10779 |    548 |    280 |   7900 |  12 |  943.9 |
        Temple |    142 |    113 |     29 |      0 |    110 |   1 |  142.0 |
          Lair |   5118 |   4780 |    338 |     87 |   3739 |   5 | 1023.6 |
         Sewer |    973 |    973 |      0 |      0 |    667 |   1 |  973.0 |
               +--------+--------+--------+--------+--------+-----+--------+

Top non-repeatable levels by time:
    D:10: 1951 daAuts
     D:7: 1397 daAuts
     D:4: 1325 daAuts
  Lair:5: 1245 daAuts
  Lair:1: 1208 daAuts
     D:2: 1129 daAuts
   Sewer: 973 daAuts
  Lair:3: 962 daAuts
     D:5: 947 daAuts
     D:9: 922 daAuts
  Lair:4: 918 daAuts
     D:1: 906 daAuts
  Lair:2: 783 daAuts
    D:11: 718 daAuts
     D:8: 681 daAuts
